 Dungeon Crawl Stone Soup version 0.15.0-23-gc2b521c (webtiles) character file.

110131 MDvedh the Brawler (level 16, -4/165 HPs)
             Began as a Troll Monk on Sept 8, 2014.
             Was a High Priest of Okawaru.
             Slain by a wolf spider (7 damage)
             ... while paralysed by Norris
             ... on Level 2 of the Spider Nest.
             The game lasted 00:58:31 (26640 turns).

MDvedh the Brawler (Troll Monk)                    Turns: 26640, Time: 00:58:31

HP  -4/165       AC 18     Str 23      XL: 16   Next:  6%
MP  16/22        EV  1     Int  6      God: Okawaru [*****.]
Gold 2906        SH  0     Dex 17      Spells:  2 memorised, 11 levels left

rFire  + . .     SeeInvis +       - Unarmed
rCold  + . .     Clarity  .     N - +5 steam dragon armour
rNeg   + + .     rCorr    .     C - +2 shield of Resistance {rF+ rC+ MR+}
rPois  +         rRot     .     P - +2 hat {SInv}
rElec  .         Spirit   .     Z - +1 cloak of Theargha {+Inv rPois}
SustAb .         Warding  +     (gloves unavailable)
rMut   .         Stasis   .     (boots unavailable)
Gourm  +                        I - amulet of Nuan {Ward rN+ Slay+3}
MR     ++...                    R - ring of positive energy
                                r - +6 ring of evasion

@: paralysed, lethally poisoned, heroism, finesse, held, very resistant to
hostile enchantments, fairly stealthy
A: unfitting armour, claws 3, fast metabolism 3, gourmand, regeneration 2,
saprovore 2, shaggy fur 1, tough skin 2
a: Heroism, Finesse, Renounce Religion, Evoke Invisibility


You were on level 2 of the Spider Nest.
You worshipped Okawaru.
Okawaru was extremely pleased with you.
You were very full.

You visited 4 branches of the dungeon, and saw 29 of its levels.
You also visited: Sewer, Ossuary and Volcano.

You collected 3269 gold pieces.
You spent 363 gold pieces at shops.

Inventory:

Hand weapons
 Y - a +0 scimitar of flaming
Armour
 C - the +2 shield of Resistance (worn) {rF+ rC+ MR+}
   (You found it on level 9 of the Dungeon)

   It protects you from fire.
   It protects you from cold.
   It affects your resistance to hostile enchantments.
 N - a +5 steam dragon armour (worn)
 P - a +2 hat of see invisible (worn)
 Z - the +1 cloak of Theargha (worn) {+Inv rPois}
   (Okawaru gifted it to you on level 4 of the Orcish Mines)

   It protects you from poison.
   It lets you turn invisible.
Magical devices
 e - a wand of teleportation (3)
 j - a wand of invisibility (5)
 A - a wand of magic darts (15)
 F - a wand of digging (13)
 G - a wand of disintegration (6)
 J - a wand of teleportation (6)
Comestibles
 b - 16 meat rations
 c - 13 bread rations
 m - 21 fruits
 s - 14 beef jerkies
 K - 2 royal jellies
 Q - 2 chunks of wolf spider flesh
Scrolls
 d - a scroll of fear
 g - a scroll of amnesia
 h - 4 scrolls of enchant armour
 i - a scroll of immolation
 l - 9 scrolls of identify
 q - 4 scrolls of teleportation
 x - 3 scrolls of fog
 y - 10 scrolls of remove curse
 B - 4 scrolls of magic mapping
 O - 3 scrolls of blinking
Jewellery
 r - a +6 ring of evasion (left claw)
 v - an uncursed amulet of stasis
 E - an uncursed ring of see invisible
 H - an uncursed ring of protection from cold
 I - the amulet of Nuan (around neck) {Ward rN+ Slay+3}
   (You found it on level 6 of the Lair of Beasts)

   [amulet of warding]

   It may prevent the melee attacks of summoned creatures.
   It affects your accuracy and damage with ranged weapons and melee attacks
   (+3).
   It protects you from negative energy.
 L - an uncursed ring of invisibility
 R - a ring of positive energy (right claw)
 S - an uncursed ring of flight
 T - an uncursed ring of protection from cold
 X - an uncursed ring of ice
Potions
 a - a potion of magic
 f - 4 potions of might
 k - 5 potions of haste
 n - 2 potions of resistance
 o - 4 potions of flight
 p - 9 potions of curing
 t - 6 potions of restore abilities
 u - a potion of porridge
 w - a potion of invisibility
 z - 3 potions of cancellation
 D - 2 potions of agility
 U - 5 potions of heal wounds
 V - a potion of cure mutation
 W - a potion of brilliance
Books
 M - a book of Debilitation

   Spells                             Type                      Level
   Corona                             Hexes                        1
   Slow                               Hexes                        2
   Inner Flame                        Hexes/Fire                   3
   Enslavement                        Hexes                        4
   Cause Fear                         Hexes                        4
   Leda's Liquefaction                Hexes/Earth                  4


   Skills:
 - Level 11.7(16.7) Fighting
 + Level 11.5(16.5) Dodging
 - Level 1.1(6.1) Stealth
 - Level 10.0(15.0) Shields
 + Level 17.2(22.2) Unarmed Combat
 - Level 7.1 Invocations


You had 11 spell levels left.
You knew the following spells:

 Your Spells              Type           Power        Failure   Level  Hunger
a - Stoneskin             Trmt/Erth      #.......     77%         2    ###....
b - Blink                 Tloc           N/A          77%         2    ###....


Dungeon Overview and Level Annotations

Branches:
Dungeon (15/15)            Temple (0/1) D:4             Orc (4/4) D:11
    Elf (0/3) Orc:3          Lair (8/8) D:11         Shoals (0/5) Lair:3
 Spider (2/5) Lair:5       Vaults (0/5) D:14         Depths (0/5) D:15
  Slime: Lair:6-8

Altars:
Ashenzari
Dithmenos
Kikubaaqudgha
Makhleb
Okawaru
Sif Muna
Trog
Vehumet
Xom
Yredelemnul
Beogh

Shops:
D:9 *   D:11 ([   Orc:1 ?   Orc:4 [*(:

Annotations:
Lair:7 exclusion: oklob plant
Lair:8 exclusion: hydra
Spider:2 Jorgrun, Norris


Innate Abilities, Weirdness & Mutations

You are too large for most types of armour.
You have claws for hands.
Your metabolism is lightning-fast.
You like to eat raw meat.
You heal very quickly.
You can eat rotten meat.
You are covered in fur (AC +1).
You have very tough skin (AC +2).


Message History

Norris hits you with a flail.
* * * LOW HITPOINT WARNING * * *
The wolf spider hits you but does no damage.
The wolf spider bites you but does no damage.
The jumping spider leaps!
The wolf spider hits you.
* * * LOW HITPOINT WARNING * * *
The wolf spider bites you.
* * * LOW HITPOINT WARNING * * *
The jumping spider leaps! x2
The jumping spider pounces on you!
* * * LOW HITPOINT WARNING * * *
You are caught in a web!
The jumping spider bites you.
* * * LOW HITPOINT WARNING * * *
The wolf spider hits you but does no damage.
The wolf spider bites you but does no damage.
The wolf spider hits you but does no damage.
The wolf spider bites you!
* * * LOW HITPOINT WARNING * * *
The wolf spider hits you!
You die...

... ...$....#
.........^.
.......#....#
......#s..#..^.
.§..........#
..ys§.ss^..
#sssg#...#.
#@@s......(.#...
#..ss..#..#........
#.#.#§.^..........#.
#.###...####...#.....
###.....##.##......#.
##....##...........
#..#^....#......#.
##.##.............
####...#.........


You could see Norris (bleeding), Jorgrun, 4 wolf spiders, a red wasp, 5 jumping
spiders and a spider.

Vanquished Creatures
  Saint Roka (Orc:4)
  Rupert (Lair:6)
  Kirke (D:15)
  Maud (Lair:6)
  6 dire elephants
  Snorg (Lair:4)
  4 vault guards (D:14)
  Fannar (Orc:2)
  Harold (Lair:4)
  2 centaur warriors
  8 hydras
  Erica (Orc:2)
  An anaconda (Lair:8)
  2 tengu warriors (D:14)
  3 orc high priests
  Nergalle (D:15)
  3 skeletal warriors (D:12)
  Erolcha (D:13)
  3 orb spiders
  A hill giant (D:15)
  11 wolf spiders
  A salamander (D:15)
  A necromancer (D:14)
  3 wizards (D:14)
  The ghost of Turgon the Chopper, an experienced DsHu of Makhleb (D:7)
  5 orc knights
  4 orc sorcerers
  3 toenail golems (Volcano)
  A griffon (D:15)
  A cyclops (D:11)
  3 manticores
  2 gargoyles
  30 elephants
  3 black mambas
  10 spiny frogs
  5 fire drakes
  3 demonic crawlers
  12 komodo dragons
  11 jumping spiders
  A tengu conjurer (D:15)
  2 polar bears
  4 trolls
  10 blink frogs
  2 boulder beetles
  10 slime creatures
  A basilisk (D:15)
  7 redbacks
  9 trapdoor spiders
  7 ravens
  3 tarantellas (Spider:1)
  A ynoxinul (Orc:4)
  2 wyverns
  45 yaks
  A hill giant zombie (D:14)
  2 deep elf magi (D:11)
  A shadow (D:13)
  Grum (D:9)
  A hog (D:15)
  6 wolves
  A hill giant skeleton (D:9)
  A soldier ant (D:13)
  A soldier ant (shapeshifter) (D:15)
  9 hippogriffs
  3 wargs
  23 humans
  15 porcupines
  2 mottled dragons
  14 water moccasins
  A swamp drake (D:11)
  3 sky beasts
  A human skeleton (D:15)
  23 orc warriors
  12 spiders
  A black bear (D:13)
  A yellow wasp (D:11)
  4 necrophages
  A phantom (D:6)
  2 manticore skeletons
  4 ice beasts
  12 ogres
  10 centaurs
  9 crocodiles
  2 boring beetles
  Sigmund (D:4)
  2 big kobolds
  Blork the orc (Orc:4)
  A wyvern zombie (D:9)
  17 giant frogs
  2 cyclops zombies
  A cyclops skeleton (D:15)
  A hippogriff zombie (D:6)
  4 scorpions
  5 eyes of draining
  4 killer bees (D:10)
  A troll skeleton (D:7)
  8 electric eels
  3 goliath beetles
  8 hounds
  9 crimson imps
  2 jellies
  5 wights (D:14)
  4 centaur skeletons
  A quasit (D:9)
  A giant frog skeleton (D:7)
  25 orc priests
  6 iguanas
  An iron imp (D:11)
  9 worker ants
  32 orc wizards
  8 sheep
  8 big kobold zombies (Ossuary)
  A big kobold skeleton (D:11)
  A crocodile zombie (D:12)
  An ogre skeleton (D:5)
  A mottled dragon skeleton (D:14)
  A mummy (Ossuary)
  A hound skeleton (D:9)
  24 adders
  3 gnolls (D:6)
  27 green rats
  A white imp (D:11)
  5 shadow imps
  3 giant mites
  2 worms
  An adder skeleton (D:10)
  An iguana skeleton (D:4)
  An orc skeleton (Orc:4)
  8 giant geckos
  An ooze (D:1)
  159 orcs
  A bat skeleton (D:4)
  7 giant cockroaches
  4 gnoll zombies (Ossuary)
  20 goblins
  7 hobgoblins
  10 jackals
  34 kobolds
  6 quokkas
  12 bats
  5 bat simulacra (Ossuary)
  A giant gecko skeleton (D:8)
  4 giant newts
  A giant spore (D:13)
  5 goblin simulacra (Ossuary)
  4 goblin zombies
  A hobgoblin skeleton (D:6)
  5 hobgoblin zombies (Ossuary)
  3 kobold simulacra (Ossuary)
  3 kobold zombies
  10 orc zombies
  16 rats
  5 rat simulacra (Ossuary)
  2 spectral goblins (Ossuary)
  6 spectral kobolds (Ossuary)
  2 spectral orcs (D:15)
  A spectral rat (Ossuary)
  26 ballistomycetes
  A fungus (Lair:6)
  3 plants (Lair:8)
1041 creatures vanquished.

Vanquished Creatures (others)
  A skeletal warrior (D:12)
  4 humans (D:15)
  A centaur (D:12)
  An adder (Lair:7)
  4 orcs
  5 giant spores
  3 fungi
  A plant (Lair:8)
20 creatures vanquished.

Grand Total: 1061 creatures vanquished

Notes
Turn   | Place    | Note
--------------------------------------------------------------
     0 | D:1      | MDvedh, the Troll Monk, began the quest for the Orb.
     0 | D:1      | Reached XP level 1. HP: 22/22 MP: 1/1
   125 | D:1      | Reached XP level 2. HP: 26/29 MP: 1/1
   804 | D:2      | Reached skill level 5 in Unarmed Combat
   822 | D:2      | Reached XP level 3. HP: 36/36 MP: 2/2
   986 | D:2      | Reached XP level 4. HP: 33/44 MP: 2/2
  1277 | D:3      | Reached skill level 6 in Unarmed Combat
  1326 | D:3      | Found a basalt altar of Yredelemnul.
  1456 | D:3      | Reached XP level 5. HP: 50/50 MP: 2/2
  1510 | D:3      | Found an iron altar of Okawaru.
  1574 | D:3      | Became a worshipper of Warmaster Okawaru
  1574 | D:3      | Acquired Okawaru's first power
  1980 | D:4      | Reached skill level 7 in Unarmed Combat
  1996 | D:4      | Found a staircase to the Ecumenical Temple.
  2005 | D:4      | Noticed Sigmund
  2026 | D:4      | Killed Sigmund
  2026 | D:4      | Reached XP level 6. HP: 25/59 MP: 1/3
  2316 | D:4      | Noticed an ogre
  2334 | D:4      | Killed an ogre
  2334 | D:4      | Reached skill level 8 in Unarmed Combat
  2423 | D:5      | Entered Level 5 of the Dungeon
  2463 | D:5      | Reached XP level 7. HP: 46/66 MP: 3/3
  2525 | D:5      | Reached skill level 9 in Unarmed Combat
  2968 | D:5      | Found a glowing drain.
  2973 | Sewer    | Entered a sewer
  2977 | Sewer    | Reached skill level 10 in Unarmed Combat
  3061 | Sewer    | Reached XP level 8. HP: 59/74 MP: 3/3
  3096 | Sewer    | Found a white marble altar of Elyvilon.
  3510 | D:6      | Found an ancient bone altar of Kikubaaqudgha.
  3539 | D:6      | Found a shadowy altar of Dithmenos.
  3645 | D:6      | Reached skill level 11 in Unarmed Combat
  4428 | D:7      | Found a sand-covered staircase.
  4451 | Ossuary  | Entered an ossuary
  4487 | Ossuary  | Reached XP level 9. HP: 78/80 MP: 4/4
  4808 | D:7      | Learned a level 2 spell: Stoneskin
  4933 | D:7      | Reached skill level 12 in Unarmed Combat
  4979 | D:7      | Found a burning altar of Makhleb.
  4990 | D:7      | Found a radiant altar of Vehumet.
  5111 | D:7      | Noticed Turgon's ghost (experienced DsHu)
  5121 | D:7      | Killed Turgon's ghost
  5121 | D:7      | Reached skill level 5 in Dodging
  5524 | D:8      | Acquired Okawaru's second power
  5782 | D:8      | Reached XP level 10. HP: 88/88 MP: 4/4
  5865 | D:8      | Reached skill level 1 in Invocations
  6647 | D:9      | Found Totie's General Store.
  6660 | D:9      | Bought a potion of might for 32 gold pieces
  6660 | D:9      | Bought a scroll of identify for 26 gold pieces
  6660 | D:9      | Bought a scroll of immolation for 45 gold pieces
  6660 | D:9      | Bought a scroll of remove curse for 39 gold pieces
  6819 | D:9      | Noticed Grum
  6829 | D:9      | Killed Grum
  7066 | D:10     | Entered Level 10 of the Dungeon
  8299 | D:11     | Noticed a cyclops
  8308 | D:11     | Killed a cyclops
  8346 | D:11     | Received a gift from Okawaru
  8379 | D:11     | Found Tyatoypsy's Armour Boutique.
  8390 | D:11     | Noticed an orc knight
  8530 | D:11     | Found a staircase to the Orcish Mines.
  8545 | D:11     | Killed an orc knight
  8545 | D:11     | Reached skill level 1 in Shields
  8548 | D:11     | Found Mnien's Weapon Boutique.
  8747 | D:11     | Noticed Sonja
  8749 | D:11     | Noticed Sonja
  8749 | D:11     | Sonja changed into Sonja the polar bear
  8755 | D:11     | Killed Sonja the polar bear
  8855 | D:11     | Reached XP level 11. HP: 94/94 MP: 12/12
  8906 | D:11     | Reached skill level 5 in Invocations
  8907 | D:11     | Got a distressingly furry robe
  8918 | D:11     | Identified the cursed +0 robe of Insatiable Hunger {Int+2} (You found it on level 11 of the Dungeon)
  9285 | D:11     | Found a staircase to the Lair.
  9581 | Lair:1   | Entered Level 1 of the Lair of Beasts
  9758 | Lair:1   | Found a deep blue altar of Sif Muna.
 10053 | Lair:1   | Learned a level 2 spell: Blink
 10644 | Lair:1   | Received a gift from Okawaru
 10644 | Lair:1   | Reached skill level 5 in Shields
 11092 | Lair:2   | Noticed an eight-headed hydra
 11478 | Lair:2   | Noticed a six-headed hydra
 11701 | Lair:3   | Reached XP level 12. HP: 96/104 MP: 19/19
 12068 | Lair:3   | Found a staircase to the Shoals.
 12346 | Lair:4   | Found a labyrinth entrance.
 12385 | Lair:4   | Noticed Snorg
 12403 | Lair:4   | Killed Snorg
 12601 | Lair:4   | Received a gift from Okawaru
 12735 | Lair:4   | Reached skill level 10 in Shields
 13191 | Lair:4   | Reached skill level 5 in Fighting
 13199 | Lair:4   | Reached skill level 13 in Unarmed Combat
 13202 | Lair:4   | Reached XP level 13. HP: 93/118 MP: 15/20
 13323 | Lair:4   | Noticed Harold
 13344 | Lair:4   | Killed Harold
 13955 | Lair:6   | Noticed Maud
 13970 | Lair:6   | Killed Maud
 14019 | Lair:6   | Noticed Rupert
 14042 | Lair:6   | Killed Rupert
 14274 | Lair:6   | Got a heavily runed garnet amulet
 14278 | Lair:6   | Identified the amulet of Nuan {Ward rN+ Slay+3} (You found it on level 6 of the Lair of Beasts)
 14774 | Lair:6   | Received a gift from Okawaru
 15558 | Lair:7   | Found a dark tunnel.
 15578 | Lair:7   | Found a shimmering altar of Xom.
 15646 | Volcano  | Entered a volcano
 15656 | Volcano  | Reached skill level 14 in Unarmed Combat
 16176 | Lair:8   | Entered Level 8 of the Lair of Beasts
 16947 | Lair:8   | Reached XP level 14. HP: 140/140 MP: 18/20
 16955 | Lair:8   | Noticed a dire elephant
 16955 | Lair:8   | Noticed a dire elephant
 16966 | Lair:8   | Killed a dire elephant
 16978 | Lair:8   | Killed a dire elephant
 17103 | Lair:8   | Noticed a dire elephant
 17118 | Lair:8   | Killed a dire elephant
 17151 | Lair:8   | Noticed a dire elephant
 17162 | Lair:8   | Killed a dire elephant
 17168 | Lair:8   | Noticed a dire elephant
 17176 | Lair:8   | Killed a dire elephant
 17176 | Lair:8   | Reached skill level 10 in Fighting
 17178 | Lair:8   | Received a gift from Okawaru
 17502 | Orc:1    | Entered Level 1 of the Orcish Mines
 17698 | Orc:1    | Found Aciyviq's Magic Scroll Shop.
 18038 | Orc:2    | Noticed Fannar
 18057 | Orc:2    | Killed Fannar
 18127 | Orc:2    | Noticed Erica
 18138 | Orc:2    | Killed Erica
 18617 | Orc:3    | Found a staircase to the Elven Halls.
 18788 | Orc:3    | Found a roughly hewn altar of Beogh.
 19163 | Orc:3    | Found a bloodstained altar of Trog.
 19227 | Orc:4    | Entered Level 4 of the Orcish Mines
 19228 | Orc:4    | Identified a scroll of acquirement
 19229 | Orc:4    | Got a distressingly furry robe
 19398 | Orc:3    | Identified the +2 robe of the Assorted Seas {Str+4 Int+3} (You acquired it on level 4 of the Orcish Mines)
 19783 | Orc:4    | Found a roughly hewn altar of Beogh.
 19839 | Orc:4    | Noticed Saint Roka
 20159 | Orc:4    | Noticed Blork the orc
 20174 | Orc:4    | Killed Blork the orc
 20191 | Orc:4    | Killed Saint Roka
 20191 | Orc:4    | Reached skill level 15 in Unarmed Combat
 20224 | Orc:4    | Found Kliu's General Store.
 20237 | Orc:4    | Received a gift from Okawaru
 20288 | Orc:4    | Got a warped cloak {god gift}
 20299 | Orc:4    | Identified the +1 cloak of Theargha {+Inv rPois} (Okawaru gifted it to you on level 4 of the Orcish Mines)
 20313 | Orc:4    | Found Traotahe's Antique Armour Emporium.
 20339 | Orc:4    | Bought a potion of haste for 119 gold pieces
 20339 | Orc:4    | Bought a potion of heal wounds for 51 gold pieces
 20339 | Orc:4    | Bought a potion of heal wounds for 51 gold pieces
 20379 | Orc:4    | Found Areo's Book Emporium.
 20399 | Orc:4    | Found Ycubb's Antique Weapon Emporium.
 21723 | D:13     | Noticed Erolcha
 21729 | D:13     | Killed Erolcha
 22351 | D:14     | Reached XP level 15. HP: 132/156 MP: 21/21
 22440 | D:14     | Found a shattered altar of Ashenzari.
 22636 | D:14     | Found a gate to the Vaults.
 23262 | D:14     | Found a basalt altar of Yredelemnul.
 23301 | D:14     | Reached skill level 10 in Dodging
 23321 | D:14     | Reached skill level 16 in Unarmed Combat
 23466 | D:15     | Entered Level 15 of the Dungeon
 23466 | D:15     | Noticed Kirke
 23476 | D:15     | Killed Kirke
 24120 | D:15     | Received a gift from Okawaru
 24151 | D:15     | Noticed Nergalle
 24165 | D:15     | Killed Nergalle
 24623 | D:15     | Found a staircase to the Depths.
 25152 | Lair:2   | Killed a 16-headed hydra
 25310 | Lair:2   | Killed a ten-headed hydra
 25735 | Lair:5   | Found a hole to the Spider Nest.
 25785 | Spider:1 | Entered Level 1 of the Spider Nest
 26253 | Spider:1 | Reached skill level 17 in Unarmed Combat
 26430 | Spider:2 | Reached XP level 16. HP: 115/165 MP: 22/22
 26508 | Spider:2 | Received a gift from Okawaru
 26622 | Spider:2 | Noticed Norris
 26623 | Spider:2 | Noticed Jorgrun
 26635 | Spider:2 | Paralysed by Norris for 7 turns
 26640 | Spider:2 | HP: 3/165 [wolf spider (10)]
 26640 | Spider:2 | Slain by a wolf spider

Action                   |  1- 3 |  4- 6 |  7- 9 | 10-12 | 13-15 | 16-18 || total
-------------------------+-------+-------+-------+-------+-------+-------++-------
Melee: Unarmed           |    66 |   130 |   442 |   775 |  1699 |    55 ||  3167
Invok: Heroism           |       |     2 |     4 |    13 |    26 |     1 ||    46
       Finesse           |       |       |       |     3 |     4 |     1 ||     8
Evoke: Wand              |       |       |     1 |    14 |    14 |       ||    29
  Use: Scroll            |       |    10 |     5 |    16 |    14 |       ||    45
       Potion            |       |     3 |       |     4 |     4 |       ||    11
 Stab: Sleeping          |       |     2 |     5 |    10 |    10 |       ||    27
       Invisible         |       |       |       |       |    16 |       ||    16
       Distracted        |       |       |       |       |     4 |       ||     4
  Eat: Chunk             |     6 |    20 |    33 |    68 |   121 |     4 ||   252
